 Dungeon Crawl Stone Soup version 0.30-a0-1075-gcd70e7a56d (webtiles) character file.

Game seed: 127660188137488915

26061 jimonade the Spear-Bearer (level 13, -1/99 HPs)
             Began as a Formicid Warper on Apr 14, 2023.
             Was a High Priest of Cheibriados.
             Slain by a skyshark (6 damage)
             ... on level 2 of the Lair of Beasts.
             The game lasted 00:43:02 (12982 turns).

jimonade the Spear-Bearer (Formicid Warper)        Turns: 12982, Time: 00:43:03

Health: -1/99      AC: 21    Str: 35    XL:     13   Next: 55%
Magic:  19/19      EV:  9    Int: 33    God:    Cheibriados [*****.]
Gold:   947        SH: 19    Dex: 30    Spells: 17/19 levels left

rFire   . . .      SeeInvis +    a - +4 halberd (flame)
rCold   . . .      Faith    .    N - +0 tower shield {AC+3}
rNeg    . . .      Spirit   .    L - +0 plate armour {rPois}
rPois   +          Reflect  .    (helmet unavailable)
rElec   .          Rampage  .    o - scarf {shadows}
rCorr   .                        B - +1 pair of gloves
Will    +++..                    M - +0 pair of boots Stlth
                                 I - amulet of regeneration
HPRegen 1.16/turn                n - ring "Hauvarpho" {Will+ Int+6 Dex+3}
MPRegen 0.16/turn                v - ring of willpower

@: very slow
A: permanent stasis, dig shafts and tunnels, antennae 3, four strong arms
a: Dig, Shaft Self, Renounce Religion, Bend Time, Temporal Distortion, Slouch,
Step From Time


You were on level 2 of the Lair of Beasts.
You worshipped Cheibriados.
Cheibriados was extremely pleased with you.
You visited 2 branches of the dungeon, and saw 15 of its levels.
You visited 1 bazaar.
You also visited: Sewer.

You collected 1246 gold pieces.
You spent 299 gold pieces at shops.

Inventory:

Hand Weapons
 a - a +4 halberd of flaming (weapon)
 b - a +0 shortbow
 g - the +4 spear of the Pit {spect, rCorr Dex-2 SInv}
   (You found it on level 3 of the Dungeon)

   Dex:       It affects your dexterity (-2).
   SInv:      It lets you see invisible.
   rCorr:     It protects you from acid and corrosion.
 D - a +1 scimitar of holy wrath
 F - a +5 trident
Missiles
 d - 7 boomerangs of dispersal
 k - 133 stones
 G - 11 poisoned darts (quivered)
 P - 4 curare-tipped darts
 V - 3 throwing nets
Armour
 o - a scarf of shadows (worn)
 B - a +1 pair of gloves (worn)
 C - the +9 plate armour of Gitoerr {rN+ rCorr Int+3 Stlth+}
   (You found it on level 9 of the Dungeon)

   Int:       It affects your intelligence (+3).
   rN:        It protects you from negative energy.
   rCorr:     It protects you from acid and corrosion.
   Stlth:     It makes you more stealthy.
 L - a +0 plate armour of poison resistance (worn)
 M - a +0 pair of boots (worn)
 N - a +0 tower shield of protection (worn)
Jewellery
 n - the ring "Hauvarpho" (left hand) {Will+ Int+6 Dex+3}
   (You took it off a goblin on level 2 of the Dungeon)

   [ring of intelligence]

   Int:       It affects your intelligence (+6).
   Dex:       It affects your dexterity (+3).
   Will:      It increases your willpower.
 t - an amulet of magic regeneration
 v - a ring of willpower (right hand)
 I - an amulet of regeneration (around neck)
Wands
 p - a wand of flame (24)
 q - a wand of iceblast (3)
 J - a wand of paralysis (8)
 O - a wand of digging (2)
 X - a wand of mindburst (21)
Scrolls
 c - 2 scrolls of identify
 f - 2 scrolls of poison
 j - 3 scrolls of amnesia
 x - a scroll of fog {unknown}
 y - 2 scrolls of vulnerability {unknown}
 A - a scroll of silence {unknown}
 Q - a scroll of brand weapon {unknown}
 R - a scroll of acquirement {unknown}
Potions
 e - 4 potions of heal wounds
 h - 2 potions of flight
 i - 3 potions of cancellation
 l - 6 potions of curing
 m - 6 potions of attraction
 r - a potion of mutation {unknown}
 s - 3 potions of lignification
 w - a potion of berserk rage {unknown}
 z - 2 potions of invisibility
 H - a potion of resistance {unknown}
 K - a potion of might {unknown}
 W - a potion of magic {unknown}
 Z - 3 potions of brilliance
Miscellaneous
 u - a box of beasts
 E - a condenser vane


   Skills:
 + Level 8.6 Fighting
 + Level 1.1 Short Blades
 - Level 2.9 Maces & Flails
 + Level 12.7 Polearms
 + Level 1.0 Ranged Weapons
 + Level 1.6 Throwing
 + Level 10.0 Armour
 + Level 3.9 Dodging
 + Level 5.1 Stealth
 + Level 6.9 Shields
 + Level 3.6 Spellcasting
 + Level 7.9 Translocations
 * Level 8.1 Invocations
 + Level 0.5 Evocations


You had 17 spell levels left.
You knew the following spells:

 Your Spells              Type           Power      Damage    Failure   Level
a - Lesser Beckoning      Tloc           100%       N/A       10%         2

Your spell library contained the following spells:

 Spells                   Type           Power      Damage    Failure   Level
 Teleport Other           Tloc           55%        N/A       19%         3
 Manifold Assault         Tloc           55%        N/A       52%         4
 Foxfire                  Conj/Fire      24%        2x1d5     86%         1
 Kiss of Death            Conj/Necr      24%        2d7       86%         1
 Sandblast                Erth           12%        2d6       86%         1
 Passwall                 Tmut/Erth      5%         N/A       94%         2
 Confusing Touch          Hex            6%         N/A       99%         3
 Inner Flame              Hex/Fire       6%         N/A       99%         3
 Stone Arrow              Conj/Erth      12%        3d7       99%         3
 Dispel Undead            Necr           6%         3d8       100%        4
 Flame Wave               Conj/Fire      6%         2d5       100%        4
 Sticky Flame             Conj/Fire      6%         2d3       100%        4
 Fireball                 Conj/Fire      3%         3d4       100%        5
 Iskenderun's Battlesphe  Conj           6%         2d6       100%        5
 Conjure Ball Lightning   Conj/Air       3%         3x3d6     100%        6
 Plasma Beam              Fire/Air       3%         2x1d14    100%        6
 Starburst                Conj/Fire      3%         6d3       100%        6
 Orb of Destruction       Conj           3%         9d5       100%        7
 Blink                    Tloc           Unusable   N/A       N/A         2
 Vhi's Electric Charge    Tloc/Air       Unusable   N/A       N/A         3

Dungeon Overview and Level Annotations

Branches:
Dungeon (13/15)            Temple (0/1) D:7            Lair (2/5) D:10
    Orc (0/2) D:11          Sewer (visited)
  Swamp: Lair:2-3    Shoals: Lair:2-3     Snake: Lair:2-3    Spider: Lair:2-3
 Vaults: D:13-14

Altars:
Ashenzari
Cheibriados
Elyvilon
Fedhas
Kikubaaqudgha
Nemelex Xobeh
Okawaru
Wu Jian
Xom
Zin

Shops:
D:2 *   D:11 (

Annotations:
D:9 2 runed translucent doors, exclusion: downstairs


Innate Abilities, Weirdness & Mutations

You cannot be hasted, slowed, berserked, paralysed or teleported.
You can dig through walls and to a lower floor.
You have a pair of large antennae on your head. (SInv)
Your four strong arms can wield two-handed weapons with a shield.


Message History

The skyshark tail-slaps you but does no damage.
The skyshark barely misses you.
You hit the skyshark but do no damage.
The skyshark is lightly wounded.
You block the skyshark's attack. x2; The skyshark tail-slaps you.
The skyshark bites you!!
The skyshark tail-slaps you but does no damage.
You block the skyshark's attack.
You are too injured to fight recklessly!
You are too injured to fight recklessly!
You are too injured to fight recklessly!
You closely miss the skyshark.
The skyshark is lightly wounded.
You block the skyshark's attack.
The skyshark tail-slaps you but does no damage.
You block the skyshark's attack.
The skyshark bites you but does no damage.
You block the skyshark's attack. The skyshark tail-slaps you.
You puncture the skyshark! You burn the skyshark.
The skyshark is lightly wounded.
You block the skyshark's attack.
The skyshark tail-slaps you but does no damage.
The skyshark tail-slaps you.
You barely miss the skyshark.
The skyshark is lightly wounded.
You block the skyshark's attack. x3; The skyshark bites you!!
* * * LOW HITPOINT WARNING * * *
The skyshark tail-slaps you but does no damage.
You block the skyshark's attack.
You barely miss the skyshark.
The skyshark is lightly wounded.
The skyshark bites you!!
* * * LOW HITPOINT WARNING * * *
You block the skyshark's attack.
The skyshark tail-slaps you but does no damage.
You impale the skyshark!! You burn the skyshark!
The skyshark is heavily wounded.
The skyshark bites you but does no damage.
You block the skyshark's attack. The skyshark tail-slaps you.
You die...

# #.###......###
... ...###.#.##
#...##.##..#.P##
#..#...........
#....P####.##..
#....### ## ..
#.#....P### #.
##......#
#...###@#
#.#..#.l....#
###........##
#..##...## #..
##... ..# ##..#
...


You could see a skyshark (berserk).

Vanquished Creatures
  Harold (D:9)
  A centaur warrior (D:13)
  A hydra (D:11)
  2 two-headed ogres
  8 boulder beetles
  An oklob plant (Lair:1)
  5 elephants
  3 manticores
  2 unseen horrors
  A gargoyle (D:13)
  2 komodo dragons (Lair:1)
  2 cane toads (Lair:1)
  An efreet (D:13)
  4 kobold demonologists
  A rime drake (Lair:1)
  A rime drake (shapeshifter) (D:13)
  2 tengu conjurers (D:11)
  9 trolls
  2 hornets
  6 slime creatures (D:11)
  2 wyverns
  2 vampires
  2 wraiths
  4 yaks
  A fire elemental (D:12)
  A basilisk (Lair:1)
  A steam dragon (D:9)
  3 vampire mosquitoes (D:12)
  2 acid dragons
  2 water moccasins
  Pargi (Sewer)
  6 orc warriors
  An ice beast (D:8)
  5 black bears
  3 wolves (Lair:1)
  2 ogres
  5 centaurs
  4 kobold brigands
  4 bullfrogs
  Blork the orc (D:4)
  A scorpion (D:5)
  2 gnoll sergeants
  8 wights
  6 killer bees (D:11)
  7 electric eels (D:10)
  4 howler monkeys
  3 lava snakes
  A jelly (D:6)
  3 hounds
  A gnoll bouda (D:5)
  8 orc priests
  Ijyb (D:5)
  Natasha (thrice) (D:4)
  An iguana (D:6)
  7 orc wizards
  11 gnolls
  9 adders
  A shadow imp (D:7)
  2 white imps
  An ufetubus (D:6)
  4 worms
  3 dart slugs
  27 orcs
  6 endoplasms
  2 giant cockroaches
  9 goblins
  8 hobgoblins
  7 jackals
  6 quokkas
  8 ball pythons
  7 bats
  25 kobolds
  3 rats
302 creatures vanquished.

Vanquished Creatures (collateral kills)
  An ugly thing (D:11)
1 creature vanquished.

Vanquished Creatures (others)
  A two-headed ogre (D:9)
  Maggie (D:9)
  A troll (D:9)
  2 howler monkeys (D:9)
  An orc wizard (D:9)
  14 fungi (Lair:1)
  47 plants (Lair:1)
  A withered plant (D:10)
68 creatures vanquished.

Grand Total: 371 creatures vanquished

Notes
Turn   | Place    | Note
-------+----------+-------------------------------------------
     0 | D:1      | jimonade the Formicid Warper began the quest for the Orb.
     0 | D:1      | Reached XP level 1. HP: 16/16 MP: 3/3
   219 | D:1      | Reached XP level 2. HP: 21/22 MP: 5/5
   905 | D:2      | Reached XP level 3. HP: 17/27 MP: 6/6
   983 | D:2      | Identified the ring "Hauvarpho" {Will+ Int+6 Dex+3}
  1121 | D:2      | Found Inoydat's Assorted Antiques.
  1425 | D:2      | Found a broken altar of Ashenzari.
  1488 | D:2      | Reached XP level 4. HP: 32/33 MP: 7/7
  1711 | D:3      | Learned a level 2 spell: Lesser Beckoning
  1779 | D:3      | Found a faded altar of an unknown god.
  2023 | D:3      | Identified the +4 spear of the Pit {spect, rCorr Dex-2
                  | SInv}
  2041 | D:3      | Found an iron altar of Okawaru.
  2391 | D:3      | Found a glowing silver altar of Zin.
  2493 | D:4      | Noticed Natasha
  2499 | D:4      | Killed Natasha
  2500 | D:4      | Reached skill level 1 in Stealth
  2500 | D:4      | Reached XP level 5. HP: 30/39 MP: 8/8
  2567 | D:4      | Noticed Natasha
  2575 | D:4      | Killed Natasha
  2796 | D:4      | Noticed an ogre
  2800 | D:4      | Killed an ogre
  2801 | D:4      | Reached skill level 1 in Polearms
  2801 | D:4      | Reached XP level 6. HP: 10/46 MP: 9/9
  3022 | D:4      | Noticed Blork the orc
  3022 | D:4      | Noticed Natasha
  3026 | D:4      | Killed Natasha
  3031 | D:4      | Killed Blork the orc
  3226 | D:4      | Reached XP level 7. HP: 47/52 MP: 10/10
  3622 | D:5      | Entered Level 5 of the Dungeon
  3667 | D:5      | Reached skill level 2 in Polearms
  4061 | D:5      | Found a snail-covered altar of Cheibriados.
  4074 | D:5      | Became a worshipper of Cheibriados the Contemplative
  4185 | D:5      | Reached skill level 3 in Polearms
  4189 | D:5      | Reached XP level 8. HP: 56/58 MP: 11/11
  4321 | D:5      | Noticed Ijyb
  4331 | D:5      | Killed Ijyb
  4331 | D:5      | Reached * piety under Cheibriados
  4407 | D:5      | Noticed a troll
  4418 | D:5      | HP: 1/59 [troll (4)]
  4419 | D:5      | Killed a troll
  4420 | D:5      | Reached skill level 4 in Polearms
  4667 | D:6      | Reached skill level 5 in Translocations
  4727 | D:6      | Found a glowing drain.
  4732 | Sewer    | Entered a sewer
  4756 | Sewer    | Noticed Pargi
  4778 | Sewer    | Killed Pargi
  4970 | D:6      | Reached XP level 9. HP: 63/65 MP: 12/12
  4984 | D:6      | Found a sparkling altar of Nemelex Xobeh.
  5216 | D:6      | Reached skill level 5 in Polearms
  5460 | D:7      | Found a blossoming altar of Fedhas.
  5520 | D:7      | Found a staircase to the Ecumenical Temple.
  5542 | D:7      | Reached skill level 5 in Armour
  5581 | D:7      | Reached skill level 1 in Ranged Weapons
  5724 | D:7      | Reached skill level 1 in Short Blades
  5786 | D:7      | Reached ** piety under Cheibriados
  6112 | D:8      | Reached skill level 6 in Polearms
  6478 | D:8      | Found an ornate altar of the Wu Jian Council.
  6633 | D:8      | Reached skill level 5 in Fighting
  6633 | D:8      | Reached skill level 1 in Shields
  6664 | D:8      | Reached *** piety under Cheibriados
  6665 | D:8      | Reached XP level 10. HP: 63/74 MP: 13/13
  6974 | D:9      | Identified the +9 plate armour of Gitoerr {rN+ rCorr Int+3
                  | Stlth+}
  7066 | D:9      | Reached skill level 7 in Polearms
  7091 | D:9      | Found a white marble altar of Elyvilon.
  7234 | D:9      | Noticed an unseen horror
  7258 | D:9      | Killed a two-headed ogre
  7273 | D:9      | Killed an unseen horror
  7356 | D:9      | Found a large runed translucent door.
  7357 | D:9      | Found a large runed translucent door.
  7361 | D:9      | Noticed a two-headed ogre
  7384 | D:9      | Killed a two-headed ogre
  7385 | D:9      | Reached skill level 8 in Polearms
  7446 | D:9      | Found a shimmering altar of Xom.
  7460 | D:9      | Noticed Harold
  7477 | D:9      | Killed Harold
  7478 | D:9      | Reached XP level 11. HP: 27/81 MP: 14/14
  7548 | D:9      | Killed Maggie
  8146 | D:10     | Entered Level 10 of the Dungeon
  8276 | D:10     | Found a staircase to the Lair.
  8284 | D:10     | Reached **** piety under Cheibriados
  8330 | D:10     | Noticed a sun demon
  8331 | D:10     | Reached skill level 9 in Polearms
  8540 | D:10     | Found an ancient bone altar of Kikubaaqudgha.
  9334 | D:11     | Found a staircase to the Orcish Mines.
  9334 | D:11     | Found Vudiw's Weapon Shop.
  9387 | D:11     | Reached skill level 1 in Invocations
  9387 | D:11     | Noticed a boulder beetle
  9405 | D:11     | Killed a boulder beetle
  9592 | D:11     | Noticed a two-headed ogre
  9615 | D:11     | Killed a two-headed ogre
  9684 | D:11     | Noticed an eight-headed hydra
  9691 | D:11     | Killed a three-headed hydra
  9692 | D:11     | Reached skill level 10 in Polearms
  9693 | D:11     | Reached ***** piety under Cheibriados
  9737 | D:11     | Reached XP level 12. HP: 88/91 MP: 15/15
  9739 | D:11     | Identified the staff of cold "Sauneu" {rElec rC+ rN+
                  | Stlth+}
  9739 | D:11     | Identified the +5 flail of Equilibrium {speed, MP+9}
  9838 | D:11     | Noticed a boulder beetle
  9857 | D:11     | Killed a boulder beetle
  9858 | D:11     | Reached skill level 5 in Invocations
  9886 | D:11     | Noticed a boulder beetle
  9892 | D:11     | Killed a boulder beetle
 10050 | D:11     | Reached skill level 5 in Stealth
 10168 | D:11     | Reached skill level 11 in Polearms
 10704 | D:13     | Noticed a boulder beetle
 10723 | D:13     | Killed a boulder beetle
 10735 | D:13     | Noticed a centaur warrior
 10746 | D:13     | Killed a centaur warrior
 10747 | D:13     | Reached skill level 5 in Shields
 10816 | D:12     | Noticed a boulder beetle
 10836 | D:12     | Killed a boulder beetle
 10837 | D:12     | Reached XP level 13. HP: 98/98 MP: 18/18
 10866 | D:12     | Found a flickering gateway to a bazaar.
 10894 | Bazaar   | Entered a bazaar
 10911 | Bazaar   | Found Uruv's Antique Armour Shoppe.
 10924 | Bazaar   | Found Taprenux's Armour Shoppe.
 10953 | Bazaar   | Found Oghuec's Distillery.
 10966 | Bazaar   | Found Bupokk's Weapon Emporium.
 10998 | Bazaar   | Bought a +1 pair of gloves for 149 gold pieces
 11052 | D:12     | Reached skill level 12 in Polearms
 11611 | D:2      | Bought a runed tower shield for 150 gold pieces
 11886 | Lair:1   | Entered Level 1 of the Lair of Beasts
 11886 | Lair:1   | You fall into a shaft and drop 1 floor!
 12955 | Lair:2   | Reached skill level 10 in Armour
 12981 | Lair:2   | HP: 4/99 [skyshark (18)]
 12982 | Lair:2   | Slain by a skyshark

Illustrated notes

Levels and vault maps discovered:
D:1:      eino_arrival_druids_welcome, layout_basic
D:2:      layout_loops_cross, basic_altar, serial_shops, nicolae_diamond_shop
D:3:      layout_loops_cross, zin_treasury, lemuel_crystal_altar,
          chequers_ecumenical_altar_simple_redux
D:4:      layout_gridville, grunt_ministairs_7, uniq_blork_the_orc, uniq_natasha
D:5:      layout_gridville, slow_altar_1, uniq_ijyb
D:6:      layout_loops_cross, overflow_temple_1_default, portal_sewer_entry_e
D:7:      layout_rooms, fedhas_ov_isle_minmay, minmay_temple_entry_butterflies
D:8:      layout_loops_ring, kennysheep_mini
D:9:      layout_loops_ring, xom_confusion_cloud, elyvilon_altar_3,
          jmf_multi_god_temple2, uniq_harold, uniq_maggie
D:10:     layout_basic, kiku_gazebo_garden_becter, lair_entry_dummy
D:11:     minmay_the_grid_plus [minmay_the_grid_zigzag_pyramid,
          minmay_the_grid_minigrid_medium, minmay_the_grid_broken_lines,
          minmay_the_grid_paths, minmay_the_grid_prize_shrinking_boxes],
          layout_irregular_city, orc_david_3, kennysheep_small_spiral
D:12:     erik_rubicon_a, layout_rooms, serial_shops, bzr_entry_water
D:13:     layout_rooms
Lair:1:   minmay_lair_venomous_thicket, layout_regular_city
Lair:2:   layout_loops_ring, hangedman_tree_tricks, infiniplex_staircase_pool,
          grunt_megastairs_2, lemuel_fruit_tree, uniq_amaemon

Skill      XL: |  1  2  3  4  5  6  7  8  9 10 11 12 13 |
---------------+----------------------------------------+-----
Translocations | 3 4 5 6 7 |  7.9
Dodging        | 2 3 |  3.9
Armour         | 2 3 4 6 7 8 9 10 | 10.0
Stealth        | 1 2 3 4 5 |  5.1
Polearms       | 1 3 4 6 8 10 11 12 | 12.7
Fighting       | 3 4 5 6 7 8 |  8.6
Ranged Weapons | 1 |  1.0
Short Blades   | 1 |  1.1
Shields        | 1 3 4 5 6 |  6.9
Invocations    | 4 6 8 |  8.1
Spellcasting   | 3 |  3.6
Maces & Flails | |  2.9
Throwing       | |  1.6
Evocations     | |  0.5

Action                     |  1- 3 |  4- 6 |  7- 9 | 10-12 | 13-15 || total
---------------------------+-------+-------+-------+-------+-------++-------
  Melee: Mace              |   109 |    33 |       |       |       ||   142
         Punch             |     3 |     2 |     3 |       |       ||     8
         Spear             |       |    43 |   155 |       |       ||   198
         Dagger            |       |       |    17 |       |       ||    17
         Trident           |       |       |   111 |   127 |       ||   238
         Halberd           |       |       |       |   309 |   156 ||   465
   Fire: Sling             |     1 |       |       |       |       ||     1
         Shortbow          |       |       |     2 |       |       ||     2
  Throw: Dart              |       |       |     4 |     6 |       ||    10
   Cast: Lesser Beckoning  |       |       |     2 |    15 |       ||    17
 Invoke: Slouch            |       |       |       |     1 |       ||     1
         Bend Time         |       |       |       |       |     1 ||     1
  Evoke: Wand              |       |       |       |     3 |       ||     3
         Box of beasts     |       |       |       |     1 |       ||     1
         Condenser vane    |       |       |       |     1 |       ||     1
    Use: Scroll            |       |       |     8 |     7 |       ||    15
   Stab: Sleeping          |       |     2 |     3 |       |       ||     5
         Distracted        |       |       |     2 |     1 |       ||     3
         Confused          |       |       |       |     1 |       ||     1
 Armour: Leather armour    |    28 |    18 |    23 |       |       ||    69
         Chain mail        |       |       |    76 |     7 |       ||    83
         Plate armour      |       |       |       |   226 |    93 ||   319
  Dodge: Dodged            |    71 |    29 |   135 |   199 |    57 ||   491
  Block: Buckler           |       |       |    27 |   112 |       ||   139
         Kite shield       |       |       |       |    10 |    25 ||    35
         Tower shield      |       |       |       |       |   148 ||   148

Table legend: (Time is in decaauts)
 A = Elapsed time spent in this place.
 B = Non-inter-level travel time spent in this place.
 C = Inter-level travel time spent in this place.
 D = Time resting spent in this place.
 E = Time spent auto-exploring this place.
 F = Levels seen in this place.
 G = Mean time per level.
                   A        B        C        D        E       F      G
               +--------+--------+--------+--------+--------+-----+--------+
         Total |  17714 |  16037 |   1677 |    943 |  10193 |  17 | 1042.0 |
       Dungeon |  15588 |  13938 |   1650 |    765 |   8923 |  13 | 1199.1 |
          Lair |   1794 |   1767 |     27 |    178 |   1063 |   2 |  897.0 |
        Bazaar |    217 |    217 |      0 |      0 |    141 |   1 |  217.0 |
         Sewer |    113 |    113 |      0 |      0 |     65 |   1 |  113.0 |
               +--------+--------+--------+--------+--------+-----+--------+

Top non-repeatable levels by time:
     D:9: 2080 daAuts
    D:11: 2066 daAuts
    D:10: 2026 daAuts
  Lair:1: 1622 daAuts
     D:4: 1473 daAuts
     D:7: 1143 daAuts
     D:8: 1067 daAuts
     D:2: 1037 daAuts
     D:6: 979 daAuts
     D:3: 884 daAuts
    D:12: 844 daAuts
     D:5: 838 daAuts
     D:1: 816 daAuts
    D:13: 331 daAuts
  Bazaar: 217 daAuts
